 Dungeon Crawl Stone Soup version 0.17-a0-2109-g117576f (webtiles) character file.

1588 Duffy the Blocker (level 9, -4/64 HPs)
             Began as a Formicid Fighter on Oct 19, 2015.
             Was a Follower of Cheibriados.
             Killed from afar by Dowan (10 damage)
             ... with a stone arrow
             ... on level 5 of the Dungeon.
             The game lasted 00:07:46 (5274 turns).

Duffy the Blocker (Formicid Fighter)                Turns: 5274, Time: 00:07:46

Health: -4/64      AC: 11    Str: 25    XL:     9   Next: 15%
Magic:  9/9        EV:  8    Int: 11    God:    Cheibriados [*.....]
Gold:   254        SH: 12    Dex: 12    Spells: 0 memorised, 8 levels left

rFire  . . .     SeeInvis +     a - +0 long sword
rCold  . . .     Clarity  .     h - +1 chain mail {MR+}
rNeg   + . .     SustAt   .     c - +0 shield
rPois  .         Gourm    .     (helmet unavailable)
rElec  .         Spirit   .     (no cloak)
rCorr  .         Warding  .     m - +0 pair of gloves
rMut   .         Stasis   +     (no boots)
MR     +....                    (no amulet)
Stlth  ..........               u - ring of positive energy
                                l - ring of teleportation (curse)

@: lethally poisoned (-4 -> -25), very slow, somewhat resistant to hostile
enchantments, extremely unstealthy
A: permanent stasis, dig shafts and tunnels, four strong arms, antennae 3
a: Dig, Shaft Self, Bend Time, Renounce Religion, Evoke Teleportation


You were on level 5 of the Dungeon.
You worshipped Cheibriados.
Cheibriados was aware of your devotion.
You were hungry.

You visited 1 branch of the dungeon, and saw 6 of its levels.

You collected 254 gold pieces.


Innate Abilities, Weirdness & Mutations

You are under a permanent stasis effect.
You can dig through walls and to a lower floor.
Your four strong arms can wield two-handed weapons with a shield.
You have a pair of large antennae on your head (SInv).


   Skills:
 + Level 3.5 Fighting
 * Level 8.6 Long Blades
 - Level 3.2 Armour
 - Level 9.0 Shields
 + Level 1.2 Invocations


You had 8 spell levels left.
You didn't know any spells.

Inventory:

Hand Weapons
 a - a +0 long sword (weapon)
Missiles
 n - 6 curare-tipped needles
 q - 20 poisoned needles
 C - 4 poisoned tomahawks (quivered)
Armour
 c - a +0 shield (worn)
 h - a +1 chain mail of magic resistance (worn)
 m - a +0 pair of gloves (worn)
Jewellery
 l - a cursed ring of teleportation (left hand)
 u - a ring of positive energy (right hand)
Scrolls
 g - a scroll of enchant armour {unknown}
 i - a scroll of fear {unknown}
 o - 2 scrolls of enchant weapon {unknown}
 r - a scroll of identify
 s - 2 scrolls of immolation {unknown}
 v - a scroll of random uselessness {unknown}
 w - a scroll of remove curse {unknown}
 x - a scroll of amnesia {unknown}
 y - a scroll of fog {unknown}
Potions
 d - a potion of might
 j - a potion of cure mutation
 z - a potion of curing
Comestibles
 e - 7 bread rations
 k - 4 fruits
 p - a meat ration
 B - a beef jerky

Dungeon Overview and Level Annotations

Branches:
Dungeon (6/15)
 Temple: D:4-7

Altars:
Cheibriados
Elyvilon
Gozag
Trog
Yredelemnul

Annotations:
D:5 Dowan


Message History

You swing at nothing.
You miss Dowan.
Dowan is lightly wounded.
You block Dowan's attack. Dowan hits you but does no damage.
You are poisoned.
You miss Dowan.
Dowan is lightly wounded.
You feel sick. Dowan hits you but does no damage.
You are more poisoned.
You miss Dowan.
Dowan is lightly wounded.
Dowan hits you but does no damage.
You are more poisoned.
Dowan barely misses you.
Your chain mail prevents you from hitting Dowan.
Dowan is lightly wounded.
You feel sick. Dowan hits you with a dagger of venom.
You closely miss Dowan.
Dowan is lightly wounded.
You feel sick. You block Dowan's attack.
You completely miss Dowan.
Dowan is lightly wounded.
You feel sick. Dowan hits you but does no damage.
You are lethally poisoned!
You block Dowan's attack.
You closely miss Dowan.
Dowan is lightly wounded.
You feel sick. Dowan hits you with a dagger of venom.
You are more poisoned.
You closely miss Dowan.
Dowan is lightly wounded.
You feel sick. Dowan gestures at you while chanting. The stone arrow hits you!
You die...

........[..###.#..#.......####
..................#.#.###.#
.####......###.##...#...#.#
.#......................#.#
##.##.#)...###.######.#.#.#
#.#.......###.# #.#.#.#
#.#...........# #.#.#.#
#.#...#..######## #.#.#.#
#[#..###.# ##@# #.#.#.#
#........# #e## #.#.#.#
##.##.##########.####.#.#.#
...##..........>e.....#...#
#####.###################.#
### ###


You could see Dowan.

Action                   |  1- 3 |  4- 6 |  7- 9 || total
-------------------------+-------+-------+-------++-------
Melee: Long sword        |   119 |   196 |   192 ||   507
Throw: Tomahawk          |       |       |     4 ||     4
 Abil: Dig               |     2 |     3 |     4 ||     9
  Use: Scroll            |       |       |     7 ||     7
       Potion            |       |       |     1 ||     1
  Eat: Chunk             |     1 |     6 |     8 ||    15

Notes
Turn   | Place    | Note
--------------------------------------------------------------
     0 | D:1      | Duffy the Formicid Fighter began the quest for the Orb.
     0 | D:1      | Reached XP level 1. HP: 18/18 MP: 1/1
   131 | D:1      | Reached XP level 2. HP: 24/24 MP: 2/2
   168 | D:1      | Reached skill level 4 in Shields
   445 | D:1      | Reached XP level 3. HP: 27/29 MP: 3/3
   939 | D:2      | Reached skill level 3 in Long Blades
  1083 | D:2      | Found a basalt altar of Yredelemnul.
  1208 | D:2      | Reached XP level 4. HP: 33/35 MP: 4/4
  1786 | D:3      | Noticed furman's ghost (amateur TeAE)
  1809 | D:3      | Killed furman's ghost
  1809 | D:3      | Reached skill level 4 in Long Blades
  1809 | D:3      | Reached skill level 5 in Shields
  1809 | D:3      | Reached XP level 5. HP: 37/41 MP: 5/5
  1850 | D:3      | Reached XP level 6. HP: 43/47 MP: 6/6
  1919 | D:3      | Found a bloodstained altar of Trog.
  2454 | D:4      | Noticed radek's ghost (amateur DECj)
  2646 | D:4      | Reached skill level 6 in Shields
  2790 | D:4      | Found a white marble altar of Elyvilon.
  2797 | D:4      | Noticed Sigmund
  2853 | D:4      | Killed Sigmund
  2853 | D:4      | Reached skill level 5 in Long Blades
  2853 | D:4      | Reached XP level 7. HP: 21/52 MP: 7/7
  2871 | D:4      | Reached skill level 7 in Shields
  3161 | D:4      | Noticed Grinder
  3188 | D:4      | Killed radek's ghost
  3188 | D:4      | Reached skill level 6 in Long Blades
  3209 | D:4      | Killed Grinder
  3209 | D:4      | Reached skill level 8 in Shields
  3209 | D:4      | Reached XP level 8. HP: 27/58 MP: 8/8
  3827 | D:5      | Entered Level 5 of the Dungeon
  3836 | D:5      | Noticed Blork the orc
  3844 | D:5      | Killed Blork the orc
  3963 | D:5      | Found a snail-covered altar of Cheibriados.
  3971 | D:5      | Became a worshipper of Cheibriados the Contemplative
  4054 | D:5      | Reached skill level 7 in Long Blades
  4277 | D:5      | Found an opulent altar of Gozag.
  4480 | D:5      | Noticed fredomojojo's ghost (amateur HuFi)
  4529 | D:5      | Killed fredomojojo's ghost
  4807 | D:5      | Reached skill level 8 in Long Blades
  4823 | D:5      | Reached XP level 9. HP: 64/64 MP: 9/9
  4875 | D:5      | Reached skill level 9 in Shields
  5053 | D:5      | Reached * piety under Cheibriados
  5226 | D:6      | Noticed Duvessa
  5226 | D:6      | Noticed Dowan
  5258 | D:5      | Killed Duvessa
  5258 | D:5      | Reached skill level 1 in Invocations
  5274 | D:5      | Killed from afar by Dowan

Vault maps used:
D:1:      dpeg_arrival_signposts, kennysheep_minor_cross, dk_noncrumbling_4
D:2:      nicolae_overflow_crystal_walls, minmay_bad_closet, minivault_24,
          st_stairs_9
D:3:      old_standard_altar, first_bread
D:4:      elyvilon_altar_3, kennysheep_generic_room_2, uniq_grinder,
          uniq_sigmund
D:5:      nicolae_gozag_seed_capital, basic_altar, uniq_blork_the_orc
D:6:      temple_hall, uniq_eustachio, uniq_duvessa, uniq_edmund

Vanquished Creatures
  The ghost of fredomojojo the Shield-Bearer, an amateur HuFi Grinder Sigmund
  The ghost of radek the Conjurer, an amateur DECj
  The ghost of furman the Conjurer, an amateur TeAE Duvessa
  2 ogres
  A phantom Blork the orc
  A scorpion
  A hound
  A jelly
  A giant frog skeleton
  An iguana
  3 worker ants
  A hound skeleton
  4 adders
  3 gnolls
  An ooze
  2 adder skeletons
  6 giant geckos
  An orc
  10 bats
  9 giant cockroaches
  10 goblins
  6 hobgoblins
  3 jackals
  5 quokkas
  5 giant newts
  11 kobolds
  A quokka skeleton
  5 rats
101 creatures vanquished.
